[Event "Polugaevsky Memorial 2019"]
[Site "Samara"]
[Date "2019.07.10"]
[Round "1.1"]
[White "Morgachev, Sergey"]
[Black "Shaposhnikov, Evgeny"]
[Result "1-0"]
[ECO "A40"]
[WhiteElo "1965"]
[BlackElo "2575"]
[Annotator "ChessBase"]
[PlyCount "75"]
[EventDate "2019.07.10"]
[EventType "swiss"]
[EventCountry "RUS"]
[SourceTitle "playchess.com"]
[Source "ChessBase"]
[SourceQuality "1"]
[TimeControl "5400+30"]

1. d4 Nf6 2. c4 e6 3. g3 Bb4+ 4. Bd2 Be7 5. Bg2 d5 6. Nf3 O-O 7. O-O c6 8. Bf4 b6 9. Nc3 Nbd7 10. Rc1 Bb7 11. cxd5 exd5 12. Ne5 Nxe5 13. Bxe5 Ng4 14. Bf4 f5 15. e4 dxe4 16. Nxe4 Nxh2 17. Kxh2 fxe4 18. Bxe4 Rxf4 19. gxf4 Qd6 20. Kg2 Rf8 21. Qb3+ Kh8 22. Rh1 h6 23. Qg3 Rxf4 24. f3 g5 25. Qh3 Kg7 26. Qh5 Rf6 27. Rhd1 Rf4 28. Re1 Bf8 29. Qe8 Rf6 30. Qh5 Kh8 31. Red1 Kg7 32. Re1 Qd8 33. Rc2 Qxd4 34. Ree2 Bc5 35. Qh2 g4 36. fxg4 Rf2+ 37. Rxf2 Qxf2+ 38. Rxf2 1-0

[Event "Polugaevsky Memorial 2019"]
[Site "Samara"]
[Date "2019.07.10"]
[Round "1.2"]
[White "Goganov, Aleksey"]
[Black "Boyko, Igor K."]
[Result "1-0"]
[ECO "E16"]
[WhiteElo "2561"]
[BlackElo "1959"]
[Annotator "ChessBase"]
[PlyCount "81"]
[EventDate "2019.07.10"]
[EventType "swiss"]
[EventCountry "RUS"]
[SourceTitle "playchess.com"]
[Source "ChessBase"]
[SourceQuality "1"]
[TimeControl "5400+30"]

1. d4 Nf6 2. c4 e6 3. Nf3 Bb4+ 4. Bd2 Qe7 5. g3 Nc6 6. Nc3 Bxc3 7. Bxc3 Ne4 8. Rc1 O-O 9. Bg2 d6 10. d5 Nd8 11. Bb4 a5 12. Ba3 e5 13. Nd2 Nxd2 14. Qxd2 f5 15. c5 Nf7 16. O-O Bd7 17. Qe3 Bb5 18. Rc2 e4 19. cxd6 cxd6 20. Rfc1 Qe5 21. Qd2 Nh6 22. b3 f4 23. gxf4 Rxf4 24. Rc8+ Rxc8 25. Rxc8+ Rf8 26. Rxf8+ Kxf8 27. Bb2 e3 28. fxe3 Qg5 29. Bc1 b6 30. Qd4 Nf5 31. Qxb6 Bxe2 32. Qb8+ Kf7 33. Qc7+ Kg6 34. e4 Ne3 35. Qxd6+ Kh5 36. Qg3 Qxg3 37. hxg3 Nxg2 38. Kxg2 Kg4 39. Kf2 Bb5 40. a4 Be8 41. Bd2 1-0

[Event "Polugaevsky Memorial 2019"]
[Site "Samara"]
[Date "2019.07.10"]
[Round "1.3"]
[White "Ulyankin, Igor"]
[Black "Zhigalko, Andrey"]
[Result "0-1"]
[ECO "A04"]
[WhiteElo "1957"]
[BlackElo "2549"]
[Annotator "ChessBase"]
[PlyCount "78"]
[EventDate "2019.07.10"]
[EventType "swiss"]
[EventCountry "RUS"]
[SourceTitle "playchess.com"]
[Source "ChessBase"]
[SourceQuality "1"]
[TimeControl "5400+30"]

1. Nf3 c5 2. g3 g6 3. Bg2 Bg7 4. c4 Nc6 5. O-O d6 6. Nc3 e6 7. d3 Nge7 8. Bd2 a6 9. Rb1 Rb8 10. a3 b5 11. cxb5 axb5 12. b4 cxb4 13. axb4 h6 14. Qc2 O-O 15. Rfc1 Kh7 16. e3 Bd7 17. Qb3 d5 18. Ne1 Nf5 19. Ne2 Qb6 20. e4 Nfd4 21. Qd1 dxe4 22. dxe4 Rfd8 23. Nd3 Ne5 24. Nxe5 Bxe5 25. Be3 Be8 26. Nxd4 Bxd4 27. Bxd4 Rxd4 28. Qf3 e5 29. Qc3 Rbd8 30. h4 Rd2 31. Qc5 Qf6 32. Rf1 R8d4 33. Rb3 Kg7 34. Rc3 Bd7 35. f4 Bg4 36. Qc7 Rb2 37. fxe5 Rxg2+ 38. Kxg2 Bh3+ 39. Kxh3 Qxf1+ 0-1

[Event "Polugaevsky Memorial 2019"]
[Site "Samara"]
[Date "2019.07.10"]
[Round "1.4"]
[White "Ovetchkin, Roman"]
[Black "Salomatin, Anton"]
[Result "1-0"]
[ECO "A58"]
[WhiteElo "2538"]
[BlackElo "1951"]
[Annotator "ChessBase"]
[PlyCount "102"]
[EventDate "2019.07.10"]
[EventType "swiss"]
[EventCountry "RUS"]
[SourceTitle "playchess.com"]
[Source "ChessBase"]
[SourceQuality "1"]
[TimeControl "5400+30"]

1. d4 Nf6 2. c4 c5 3. d5 b5 4. cxb5 a6 5. bxa6 Bxa6 6. Nc3 g6 7. e4 Bxf1 8. Kxf1 d6 9. Nf3 Nbd7 10. g3 Bg7 11. Kg2 O-O 12. a4 Qa5 13. Qc2 Rfb8 14. Ra3 Qb6 15. Nb5 Qb7 16. Re1 Ne8 17. Bd2 Nb6 18. b3 Nd7 19. Ra2 Ndf6 20. Qc4 Nd7 21. h4 Qa6 22. Rc2 Nb6 23. Qe2 Nxa4 24. Nxd6 exd6 25. Qxa6 Rxa6 26. bxa4 Rxa4 27. e5 Rd8 28. exd6 Nxd6 29. Bg5 Rc8 30. Bf4 Nf5 31. d6 Rd8 32. d7 Rxd7 33. Re8+ Bf8 34. Rxc5 Rxf4 35. gxf4 Kg7 36. Rcc8 Be7 37. h5 h6 38. Rg8+ Kf6 39. hxg6 Bd6 40. gxf7 Rxf7 41. Rc6 Ke7 42. Ne5 Rg7+ 43. Rxg7+ Nxg7 44. Kf3 Ne6 45. Ke4 h5 46. f5 Nc5+ 47. Kd5 Bxe5 48. Kxc5 Bf4 49. Kd5 h4 50. f6+ Kf7 51. Ke4 Bd2 1-0

[Event "Polugaevsky Memorial 2019"]
[Site "Samara"]
[Date "2019.07.10"]
[Round "1.5"]
[White "Salakhova, Adelya"]
[Black "Utegaliyev, Azamat"]
[Result "0-1"]
[ECO "E62"]
[WhiteElo "1933"]
[BlackElo "2510"]
[Annotator "ChessBase"]
[PlyCount "64"]
[EventDate "2019.07.10"]
[EventType "swiss"]
[EventCountry "RUS"]
[SourceTitle "playchess.com"]
[Source "ChessBase"]
[SourceQuality "1"]
[TimeControl "5400+30"]

1. d4 Nf6 2. Nf3 g6 3. c4 Bg7 4. g3 O-O 5. Bg2 d6 6. O-O c6 7. Nc3 Bf5 8. Re1 Ne4 9. Nd2 Nxc3 10. bxc3 Na6 11. e4 Be6 12. Rb1 Qc8 13. Qe2 Nc7 14. Ba3 Rd8 15. Nf1 b6 16. Ne3 Qa6 17. Bb2 b5 18. cxb5 cxb5 19. a3 Rac8 20. Nc2 Qb6 21. d5 Bd7 22. Nd4 a6 23. Ba1 Qc5 24. Qb2 Na8 25. Qb4 Nb6 26. Qxc5 Rxc5 27. Rb3 Rdc8 28. Ne2 Na4 29. Rc1 R5c7 30. h3 e6 31. f4 exd5 32. exd5 Nc5 0-1

[Event "Polugaevsky Memorial 2019"]
[Site "Samara"]
[Date "2019.07.10"]
[Round "1.6"]
[White "Yeletsky, Ivan"]
[Black "Ekimov, Vyacheslav"]
[Result "1/2-1/2"]
[ECO "B12"]
[WhiteElo "2464"]
[BlackElo "1900"]
[Annotator "ChessBase"]
[PlyCount "154"]
[EventDate "2019.07.10"]
[EventType "swiss"]
[EventCountry "RUS"]
[SourceTitle "playchess.com"]
[Source "ChessBase"]
[SourceQuality "1"]
[TimeControl "5400+30"]

1. e4 c6 2. d4 d5 3. e5 Bf5 4. Nf3 e6 5. Be2 Nd7 6. O-O h6 7. Nbd2 Ne7 8. Re1 Qc7 9. c3 g5 10. Nf1 Bg6 11. Ng3 Bg7 12. Bd3 O-O 13. h4 g4 14. Nh2 h5 15. Bg5 Rae8 16. Qc2 Qd8 17. Bxg6 fxg6 18. Bxe7 Qxe7 19. Qxg6 Qxh4 20. Rf1 Re7 21. Nxh5 Rf5 22. Nxg7 Rxg7 23. Qxe6+ Rff7 24. Rae1 Nf8 25. Qc8 Rd7 26. Qb8 Rd8 27. g3 Qxh2+ 28. Kxh2 Rxb8 29. Kg2 Ne6 30. Rh1 Re8 31. Rh6 Kf7 32. Reh1 Ke7 33. Rf6 Ng5 34. Rhh6 Ne4 35. Re6+ Kd7 36. Rxe8 Kxe8 37. Rh8+ Kf7 38. Rh6 Ke7 39. f4 gxf3+ 40. Kxf3 Rxg3+ 41. Kf4 Rg7 42. a4 Rf7+ 43. Ke3 Ng5 44. Rh8 Rf8 45. Rh5 Ne6 46. Rh7+ Rf7 47. Rh8 Nf8 48. Rh2 Rg7 49. Kd3 a5 50. Kc2 Nd7 51. Rh6 Nb6 52. b3 Nd7 53. Kb2 Nf8 54. Rh2 Ne6 55. Rh8 Nf8 56. Rh2 Rg3 57. Kc2 Rf3 58. Kb2 Ke6 59. Rh6+ Kf7 60. Rh2 Kg7 61. Kc2 Rg3 62. Kb2 Ne6 63. Rd2 Nf4 64. Rd1 Kg6 65. Rf1 Kf5 66. Rh1 Rh3 67. Rf1 b6 68. Rg1 Rh2+ 69. Ka3 Rh6 70. Rg8 Ke4 71. b4 axb4+ 72. Kxb4 Nd3+ 73. Kb3 c5 74. Rg4+ Nf4 75. Rg1 Nd3 76. Rg4+ Kf3 77. Rg8 Ke4 1/2-1/2

[Event "Polugaevsky Memorial 2019"]
[Site "Samara"]
[Date "2019.07.10"]
[Round "1.7"]
[White "Petrovsky, Nikita"]
[Black "Gabrielian, Artur"]
[Result "0-1"]
[ECO "E12"]
[WhiteElo "1896"]
[BlackElo "2458"]
[Annotator "ChessBase"]
[PlyCount "59"]
[EventDate "2019.07.10"]
[EventType "swiss"]
[EventCountry "RUS"]
[SourceTitle "playchess.com"]
[Source "ChessBase"]
[SourceQuality "1"]
[TimeControl "5400+30"]

1. d4 Nf6 2. c4 e6 3. Nf3 b6 4. Bf4 Bb7 5. h3 Bb4+ 6. Nbd2 c5 7. e3 cxd4 8. exd4 d5 9. Be2 dxc4 10. O-O b5 11. a4 a6 12. axb5 axb5 13. Rxa8 Bxa8 14. b3 c3 15. Bxb5+ Bc6 16. Bxc6+ Nxc6 17. Nc4 Nd5 18. Bg3 O-O 19. Nfe5 Nxe5 20. Bxe5 Qg5 21. f4 Qg6 22. Qe2 Rd8 23. f5 exf5 24. Ne3 Nxe3 25. Qxe3 Qe6 26. g4 f6 27. gxf5 Qd5 28. Bf4 Qxd4 29. Kh1 Qd5+ 30. Kh2 0-1

[Event "Polugaevsky Memorial 2019"]
[Site "Samara"]
[Date "2019.07.10"]
[Round "1.8"]
[White "Mokshanov, Alexey"]
[Black "Erokhova, Violetta"]
[Result "1/2-1/2"]
[ECO "C02"]
[WhiteElo "2454"]
[BlackElo "1873"]
[Annotator "ChessBase"]
[PlyCount "81"]
[EventDate "2019.07.10"]
[EventType "swiss"]
[EventCountry "RUS"]
[SourceTitle "playchess.com"]
[Source "ChessBase"]
[SourceQuality "1"]
[TimeControl "5400+30"]

1. e4 e6 2. d4 d5 3. e5 c5 4. c3 Bd7 5. Nf3 Nc6 6. Be2 Qc7 7. O-O h6 8. Re1 O-O-O 9. Be3 f6 10. exf6 gxf6 11. dxc5 Nge7 12. b4 Nf5 13. Nd4 Nxe3 14. fxe3 a6 15. b5 axb5 16. Bxb5 e5 17. Nb3 Be6 18. N1d2 Rg8 19. Qf3 Be7 20. c4 Nb4 21. cxd5 Bxd5 22. e4 Bxb3 23. Nxb3 Nc2 24. Qf2 Nxa1 25. Rxa1 Kb8 26. Rc1 Rg4 27. c6 bxc6 28. Bxc6 Qa7 29. Qxa7+ Kxa7 30. Bd5 Rg7 31. Na5 Kb6 32. Nc6 Rc8 33. Rb1+ Kc7 34. a4 Bc5+ 35. Kf1 Kd6 36. Na5 Ra7 37. Nc4+ Kc7 38. a5 Rb8 39. Rc1 Kd7 40. Nxe5+ fxe5 41. Rxc5 1/2-1/2

[Event "Polugaevsky Memorial 2019"]
[Site "Samara"]
[Date "2019.07.10"]
[Round "1.9"]
[White "Kombar, Mariya"]
[Black "Gaifullin, Artur"]
[Result "0-1"]
[ECO "B18"]
[WhiteElo "1864"]
[BlackElo "2453"]
[Annotator "ChessBase"]
[PlyCount "168"]
[EventDate "2019.07.10"]
[EventType "swiss"]
[EventCountry "RUS"]
[SourceTitle "playchess.com"]
[Source "ChessBase"]
[SourceQuality "1"]
[TimeControl "5400+30"]

1. e4 c6 2. d4 d5 3. Nc3 dxe4 4. Nxe4 Bf5 5. Ng3 Bg6 6. h4 h6 7. h5 Bh7 8. Nf3 Nd7 9. Bd3 Bxd3 10. Qxd3 e6 11. Bd2 Ngf6 12. Ne4 Nxe4 13. Qxe4 Nf6 14. Qe2 Qd5 15. c4 Qe4 16. Qxe4 Nxe4 17. Be3 Bb4+ 18. Ke2 O-O 19. Ne5 f6 20. Ng6 Rfe8 21. a3 Ba5 22. b4 Bc7 23. Rac1 a5 24. b5 a4 25. c5 cxb5 26. Kd3 f5 27. Rb1 Rad8 28. Rxb5 e5 29. Rc1 exd4 30. Bxd4 Nxf2+ 31. Kc3 Ne4+ 32. Kd3 Rd7 33. Rc4 Bg3 34. Kc2 Bf2 35. Rbb4 Red8 36. Bxf2 Rd2+ 37. Kb1 Rxf2 38. Rc2 Rxc2 39. Kxc2 Nxc5 40. Ne7+ Kf7 41. Nxf5 Kf6 42. g4 Rc8 43. Kd2 Rc6 44. Ke3 Re6+ 45. Kf3 b6 46. Rf4 g5 47. Rd4 Ke5 48. Rd1 b5 49. Rd8 Rb6 50. Ne3 Ne6 51. Rd5+ Kf6 52. Rf5+ Kg7 53. Ke4 Nf4 54. Rc5 b4 55. Rc7+ Kf8 56. axb4 Rxb4+ 57. Ke5 Rb5+ 58. Kd6 Rb6+ 59. Kc5 Rb3 60. Rc8+ Kf7 61. Nc4 Ne6+ 62. Kd5 Kf6 63. Rh8 Rd3+ 64. Kc6 Kg7 65. Re8 Rc3 66. Kd6 Rxc4 67. Re7+ Kg8 68. Rxe6 Rxg4 69. Ke5 Kg7 70. Rg6+ Kh7 71. Ra6 Rb4 72. Kf6 Rf4+ 73. Ke5 Kg7 74. Rg6+ Kf7 75. Rxh6 a3 76. Rh7+ Kg8 77. Ra7 Rf3 78. h6 Kh8 79. Ke4 g4 80. h7 Rb3 81. Kf5 g3 82. Kg6 Rb6+ 83. Kf7 g2 84. Ra8+ Kxh7 0-1

[Event "Polugaevsky Memorial 2019"]
[Site "Samara"]
[Date "2019.07.10"]
[Round "1.10"]
[White "Kuderinov, Kirill"]
[Black "Kopylov, Artem"]
[Result "1-0"]
[ECO "B80"]
[WhiteElo "2439"]
[BlackElo "1845"]
[Annotator "NA"]
[PlyCount "97"]
[EventDate "2019.07.10"]
[EventType "swiss"]
[EventCountry "RUS"]
[SourceTitle "playchess.com"]
[Source "ChessBase"]
[SourceQuality "1"]
[TimeControl "5400+30"]

1. e4 c5 2. Nf3 e6 3. d4 cxd4 4. Nxd4 Nf6 5. Nc3 d6 6. Be3 Be7 7. g4 h6 8. Bb5+ Bd7 9. Qe2 Nc6 10. O-O-O a6 11. Bxc6 bxc6 12. h4 g6 13. e5 Nd5 14. exd6 Nxc3 15. bxc3 Bxd6 16. Nb3 Qe7 17. Qc4 Rb8 18. Nc5 e5 19. Nxa6 Rb5 20. Rxd6 Qxd6 21. Bc5 Rxc5 22. Nxc5 Be6 23. Nxe6 Qxe6 24. Qxe6+ fxe6 25. Re1 Rf8 26. Rxe5 Kd7 27. g5 h5 28. Re4 Rxf2 29. a4 Rh2 30. Kb2 Kc7 31. Kb3 e5 32. a5 Kb7 33. Kb4 Rxc2 34. Rxe5 Rh2 35. Re4 Rb2+ 36. Kc5 Rb5+ 37. Kd6 Rxa5 38. Rb4+ Kc8 39. Kxc6 Re5 40. Rf4 Re6+ 41. Kd5 Re3 42. c4 Kc7 43. c5 Re1 44. Rf7+ Kc8 45. Kd6 Rd1+ 46. Ke5 Rh1 47. Rf4 Rg1 48. Kf6 Rg4 49. Rf1 1-0

[Event "Polugaevsky Memorial 2019"]
[Site "Samara"]
[Date "2019.07.11"]
[Round "2.1"]
[White "Gitelson, Arkady"]
[Black "Goganov, Aleksey"]
[Result "0-1"]
[ECO "B47"]
[WhiteElo "2191"]
[BlackElo "2561"]
[Annotator "ChessBase"]
[PlyCount "134"]
[EventDate "2019.07.10"]
[EventType "swiss"]
[EventCountry "RUS"]
[SourceTitle "playchess.com"]
[Source "ChessBase"]
[SourceQuality "1"]
[TimeControl "5400+30"]

1. e4 c5 2. Nf3 e6 3. d4 cxd4 4. Nxd4 Nc6 5. Nc3 Qc7 6. g3 a6 7. Bg2 Nf6 8. O-O h5 9. Nf3 Be7 10. Re1 d6 11. Bf4 Ne5 12. Bxe5 dxe5 13. Qd2 b5 14. a3 Bb7 15. Rad1 Rd8 16. Qe3 O-O 17. Rd3 Ng4 18. Qd2 Bc5 19. Rf1 f5 20. Ng5 Qe7 21. h4 f4 22. gxf4 Rxd3 23. Qxd3 Rxf4 24. Nd1 Nf6 25. Qb3 Rg4 26. Re1 Nd5 27. Ne3 Nxe3 28. fxe3 Rxh4 29. Nxe6 Kh7 30. Rf1 Bxe3+ 31. Qxe3 Qxe6 32. Rf5 Qg6 33. Rg5 Qh6 34. Qg3 Qb6+ 35. Kf1 Rf4+ 36. Ke2 g6 37. Rxe5 Rf7 38. Bf3 Qc7 39. c3 Qc4+ 40. Ke3 Qf1 41. Re6 Qc1+ 42. Kd3 Rg7 43. Qd6 Qb1+ 44. Ke3 Qxb2 45. Qe5 Qc1+ 46. Ke2 Bc8 47. Re7 Qh6 48. Re8 Bd7 49. Rd8 Qc1 50. Qf6 Qb2+ 51. Kf1 Qxa3 52. Ra8 Qc1+ 53. Kg2 Qd2+ 54. Kg1 Qe1+ 55. Kg2 h4 56. Qf8 Qg3+ 57. Kh1 Qe1+ 58. Kg2 Qg3+ 59. Kh1 Kh6 60. Qh8+ Kg5 61. Qd8+ Kf4 62. Qf6+ Bf5 63. Bg2 Rd7 64. Rd8 h3 65. Bf1 Qf3+ 66. Kg1 h2+ 67. Kxh2 Rh7+ 0-1

[Event "Polugaevsky Memorial 2019"]
[Site "Samara"]
[Date "2019.07.11"]
[Round "2.2"]
[White "Zhigalko, Andrey"]
[Black "Kulaev, Maxim"]
[Result "1/2-1/2"]
[ECO "D45"]
[WhiteElo "2549"]
[BlackElo "2177"]
[Annotator "ChessBase"]
[PlyCount "96"]
[EventDate "2019.07.10"]
[EventType "swiss"]
[EventCountry "RUS"]
[SourceTitle "playchess.com"]
[Source "ChessBase"]
[SourceQuality "1"]
[TimeControl "5400+30"]

1. d4 e6 2. c4 d5 3. Nc3 c6 4. e3 Nf6 5. Nf3 Nbd7 6. Be2 dxc4 7. a4 Bd6 8. Nd2 e5 9. Nxc4 Bc7 10. b3 O-O 11. Ba3 Re8 12. O-O e4 13. Bd6 Nb6 14. Bxc7 Qxc7 15. Nxb6 Qxb6 16. Bc4 Bf5 17. f3 exf3 18. Qxf3 Bg6 19. a5 Qb4 20. e4 Bxe4 21. Nxe4 Rxe4 22. Bxf7+ Kh8 23. Bc4 Rd8 24. Qg3 Qd6 25. Qxd6 Rxd6 26. Rae1 Rdxd4 27. Rxe4 Rxe4 28. Rd1 g5 29. Rd6 Kg7 30. a6 Re1+ 31. Bf1 bxa6 32. Rxc6 Ne4 33. Re6 Kf7 34. Re5 Kf6 35. Re8 Kf7 36. Rd8 Rb1 37. Rd4 Nc5 38. b4 Ne6 39. Re4 Kf6 40. Kf2 Rb2+ 41. Kf3 Rb3+ 42. Kf2 Rb2+ 43. Kf3 h5 44. Bxa6 g4+ 45. Kg3 Ng7 46. Bc8 Rc2 47. Bd7 Rd2 48. Bc8 Rc2 1/2-1/2

[Event "Polugaevsky Memorial 2019"]
[Site "Samara"]
[Date "2019.07.11"]
[Round "2.3"]
[White "Kavyev, Ruslan"]
[Black "Ovetchkin, Roman"]
[Result "0-1"]
[ECO "B15"]
[WhiteElo "2167"]
[BlackElo "2538"]
[Annotator "ChessBase"]
[PlyCount "96"]
[EventDate "2019.07.10"]
[EventType "swiss"]
[EventCountry "RUS"]
[SourceTitle "playchess.com"]
[Source "ChessBase"]
[SourceQuality "1"]
[TimeControl "5400+30"]

1. e4 c6 2. d4 d5 3. Nd2 dxe4 4. Nxe4 Nf6 5. Nxf6+ exf6 6. c3 Bd6 7. Qc2 O-O 8. Bd3 Re8+ 9. Ne2 f5 10. Bxf5 Bxf5 11. Qxf5 Nd7 12. Qf3 Qe7 13. Be3 Nb6 14. O-O Nc4 15. Ng3 Bxg3 16. Qxg3 Nxb2 17. Rae1 Nc4 18. d5 Nxe3 19. Rxe3 Qc5 20. dxc6 Qxc6 21. Rfe1 Rxe3 22. Qxe3 h6 23. h3 b6 24. Qd4 Qc7 25. Qa4 g6 26. Qd4 Qd8 27. Qe3 h5 28. Qe7 Qd2 29. a4 Qxc3 30. Rd1 Qc2 31. Rd4 Qc3 32. Qf6 Re8 33. g3 Qe1+ 34. Kg2 Qe5 35. Qc6 Qxd4 36. Qxe8+ Kg7 37. Qc6 Qc5 38. Qd7 a6 39. Qb7 Qc4 40. Qd7 b5 41. a5 Qe4+ 42. Kh2 b4 43. Qa4 Qd4 44. Qa2 Qc3 45. Qe2 Qc5 46. Qxa6 Qxf2+ 47. Kh1 b3 48. g4 b2 0-1

[Event "Polugaevsky Memorial 2019"]
[Site "Samara"]
[Date "2019.07.11"]
[Round "2.4"]
[White "Utegaliyev, Azamat"]
[Black "Tunik, Sergey"]
[Result "1/2-1/2"]
[ECO "A11"]
[WhiteElo "2510"]
[BlackElo "2166"]
[Annotator "ChessBase"]
[PlyCount "128"]
[EventDate "2019.07.10"]
[EventType "swiss"]
[EventCountry "RUS"]
[SourceTitle "playchess.com"]
[Source "ChessBase"]
[SourceQuality "1"]
[TimeControl "5400+30"]

1. c4 c6 2. Nf3 d5 3. g3 dxc4 4. Bg2 Nd7 5. O-O Ngf6 6. Qc2 Nb6 7. a4 a5 8. b3 cxb3 9. Qxb3 e6 10. d3 Nbd5 11. Nbd2 Be7 12. Nc4 O-O 13. Rb1 b5 14. Nce5 bxa4 15. Qc2 Bd7 16. Ra1 Qb6 17. Rxa4 Rfb8 18. Bd2 Bb4 19. Rfa1 c5 20. R4a2 Bb5 21. Nc4 Bxc4 22. Qxc4 h6 23. h3 Nd7 24. Qc1 Qb5 25. Nh2 Rc8 26. Qc4 Qc6 27. Nf1 Ne5 28. Qc2 c4 29. d4 Nd7 30. e4 N5b6 31. Ne3 c3 32. Bc1 Rab8 33. e5 Nd5 34. Nxd5 exd5 35. f4 Nb6 36. f5 Nc4 37. Bf4 Nd2 38. Re1 Qc4 39. e6 f6 40. e7 Qxd4+ 41. Be3 Qc4 42. Bf4 Bxe7 43. Rxe7 Rb1+ 44. Kh2 Nf1+ 45. Bxf1 Qxf1 46. Qg2 c2 47. h4 Qxg2+ 48. Kxg2 c1=Q 49. Bxc1 Rcxc1 50. Rxa5 Rb2+ 51. Kf3 h5 52. Ra8+ Kh7 53. Raa7 Rc3+ 54. Re3 d4 55. Rxc3 dxc3 56. Rc7 Rc2 57. Rc8 Rc1 58. Kg2 g5 59. hxg5 fxg5 60. Rc7+ Kh6 61. f6 Kg6 62. f7 Kg7 63. Kh2 h4 64. gxh4 gxh4 1/2-1/2

[Event "Polugaevsky Memorial 2019"]
[Site "Samara"]
[Date "2019.07.11"]
[Round "2.5"]
[White "Gabrielian, Artur"]
[Black "Dubinin, Alexsandr"]
[Result "1-0"]
[ECO "B30"]
[WhiteElo "2458"]
[BlackElo "2151"]
[Annotator "ChessBase"]
[PlyCount "109"]
[EventDate "2019.07.10"]
[EventType "swiss"]
[EventCountry "RUS"]
[SourceTitle "playchess.com"]
[Source "ChessBase"]
[SourceQuality "1"]
[TimeControl "5400+30"]

1. e4 c5 2. Nf3 Nc6 3. Bb5 e6 4. O-O Nge7 5. Re1 Nd4 6. Nxd4 cxd4 7. d3 a6 8. Ba4 b5 9. Bb3 Nc6 10. Qh5 Bb7 11. Nd2 Qf6 12. Nf3 Qg6 13. Qh3 Be7 14. Bd2 O-O 15. a4 f5 16. Nh4 Bxh4 17. Qxh4 fxe4 18. dxe4 Ne5 19. Qg3 Qxg3 20. hxg3 Rfc8 21. Rad1 bxa4 22. Bxa4 Bc6 23. Bb3 Bb5 24. Bf4 Nc6 25. Bd6 a5 26. Bc5 a4 27. Ba2 Rab8 28. Rd2 Ba6 29. Ba3 Nb4 30. Bb1 Rc4 31. Red1 e5 32. f4 d6 33. fxe5 dxe5 34. c3 dxc3 35. bxc3 Rxc3 36. Bxb4 Rxb4 37. Rd8+ Kf7 38. R8d7+ Ke8 39. Rd8+ Ke7 40. R8d7+ Ke8 41. Rd8+ Ke7 42. R1d7+ Kf6 43. Ba2 Rc1+ 44. Kh2 Rb2 45. Rf8+ Kg5 46. Rxg7+ Kh6 47. Rg4 Rcc2 48. Rf6+ Kh5 49. Rh4+ Kg5 50. Rf5+ Kg6 51. Bf7+ Kg7 52. Rg4+ Kf8 53. Bb3+ Ke7 54. Rxe5+ Kd6 55. Re6+ {[%emt 0:00:00] Kd5} 1-0

[Event "Polugaevsky Memorial 2019"]
[Site "Samara"]
[Date "2019.07.11"]
[Round "2.6"]
[White "Gaifullin, Artur"]
[Black "Fedotov, Alexey"]
[Result "1-0"]
[ECO "A06"]
[WhiteElo "2453"]
[BlackElo "2141"]
[Annotator "ChessBase"]
[PlyCount "133"]
[EventDate "2019.07.10"]
[EventType "swiss"]
[EventCountry "RUS"]
[SourceTitle "playchess.com"]
[Source "ChessBase"]
[SourceQuality "1"]
[TimeControl "5400+30"]

1. Nf3 d5 2. c4 c6 3. e3 Nf6 4. b3 Bf5 5. Bb2 e6 6. Be2 h6 7. O-O Nbd7 8. Nh4 Bh7 9. f4 Bd6 10. g3 O-O 11. Nc3 Qe7 12. a3 a5 13. d4 Ne4 14. c5 Bc7 15. b4 g5 16. Nf3 f6 17. Nxe4 Bxe4 18. Nd2 Bg6 19. b5 Qh7 20. b6 Bd8 21. Bg4 Re8 22. Bh5 Be7 23. Bxg6 Qxg6 24. a4 h5 25. Qb1 f5 26. Rf2 Kf7 27. Bc3 Rh8 28. Rg2 g4 29. Nb3 Nf6 30. Nxa5 Ne4 31. Be1 Rxa5 32. Bxa5 Ra8 33. Be1 Bf6 34. a5 Ra6 35. Ra3 Bg7 36. Qd3 Bf6 37. Rb3 Qg8 38. Rgb2 Qa8 39. Qe2 Bg7 40. h3 Kg6 41. Qf1 Kf7 42. Rh2 Nf6 43. Qd3 Kg6 44. hxg4 hxg4 45. Kf1 Ne4 46. Ke2 Nf6 47. Kd1 Kf7 48. Kc2 Kg6 49. Rb1 Kf7 50. Kb3 Kg6 51. Ka4 Ne4 52. Qf1 Kf7 53. Rg2 Nf6 54. Bb4 Ne4 55. Qh1 Nf6 56. Rh2 Kg8 57. Qg2 Kf7 58. Rbh1 Kg6 59. Rh4 Qg8 60. R1h2 Qf8 61. Qh1 Qg8 62. Rh8 Bxh8 63. Rxh8 Qg7 64. Qh4 Nh7 65. Rc8 Nf6 66. Qg5+ Kh7 67. Rc7 1-0

[Event "Polugaevsky Memorial 2019"]
[Site "Samara"]
[Date "2019.07.11"]
[Round "2.7"]
[White "Suvorov, Aleksandr"]
[Black "Kuderinov, Kirill"]
[Result "1/2-1/2"]
[ECO "B31"]
[WhiteElo "2154"]
[BlackElo "2439"]
[Annotator "NA"]
[PlyCount "82"]
[EventDate "2019.07.10"]
[EventType "swiss"]
[EventCountry "RUS"]
[SourceTitle "playchess.com"]
[Source "ChessBase"]
[SourceQuality "1"]
[TimeControl "5400+30"]

1. e4 c5 2. Nf3 Nc6 3. Bb5 g6 4. Bxc6 bxc6 5. O-O Bg7 6. Re1 Nh6 7. c3 O-O 8. d4 cxd4 9. cxd4 d5 10. e5 Bg4 11. Nbd2 f6 12. h3 Bxf3 13. Nxf3 Nf7 14. exf6 exf6 15. Bf4 Qd7 16. Qa4 g5 17. Bg3 h5 18. Rac1 Rac8 19. Rc3 Nh6 20. h4 g4 21. Nd2 Nf5 22. Nb3 Rfe8 23. Rxe8+ Qxe8 24. Qxa7 Nxg3 25. fxg3 f5 26. Qa6 f4 27. gxf4 c5 28. Rxc5 Qe3+ 29. Kh1 Qe1+ 30. Kh2 Qxh4+ 31. Kg1 Qe1+ 32. Kh2 Re8 33. Rc8 Qh4+ 34. Kg1 Qe1+ 35. Kh2 g3+ 36. Kh3 Qh1+ 37. Kxg3 h4+ 38. Kg4 Qxg2+ 39. Kxh4 Qh2+ 40. Kg4 Qg2+ 41. Kh4 Qh2+ 1/2-1/2

[Event "Polugaevsky Memorial 2019"]
[Site "Samara"]
[Date "2019.07.11"]
[Round "2.8"]
[White "Nosacheva, Mariya"]
[Black "Kopylov, Alexander A."]
[Result "0-1"]
[ECO "B47"]
[WhiteElo "2150"]
[BlackElo "2410"]
[Annotator "NA"]
[PlyCount "108"]
[EventDate "2019.07.10"]
[EventType "swiss"]
[EventCountry "RUS"]
[SourceTitle "playchess.com"]
[Source "ChessBase"]
[SourceQuality "1"]
[TimeControl "5400+30"]

1. e4 c5 2. Nf3 Nc6 3. d4 cxd4 4. Nxd4 e6 5. Nc3 Qc7 6. g3 a6 7. Bg2 Nf6 8. O-O Nxd4 9. Qxd4 Bc5 10. Qd3 d6 11. Bf4 h6 12. Rad1 e5 13. Be3 Bg4 14. f3 Be6 15. Rf2 Rd8 16. Nd5 Bxd5 17. exd5 Bxe3 18. Qxe3 O-O 19. Qd3 b5 20. Bh3 Rde8 21. Re2 g6 22. Kh1 Kg7 23. a4 Qc5 24. axb5 axb5 25. Qe3 Qc7 26. Qb3 Rb8 27. Re3 b4 28. Re2 h5 29. Qd3 Qc5 30. Qe3 Rb5 31. Bg2 Rc8 32. Qb3 h4 33. f4 e4 34. gxh4 Rh8 35. Qg3 Rh5 36. c3 Qc4 37. Rde1 bxc3 38. Qxc3 Qxc3 39. bxc3 Rbxd5 40. Bxe4 Rc5 41. Rd1 Rxh4 42. Rxd6 Rxc3 43. Bc2 Rxf4 44. Kg2 Nh5 45. Be4 Rg4+ 46. Kf1 Rc1+ 47. Kf2 Nf4 48. Bf3 Rgg1 49. Red2 Rce1 50. Bc6 Rgf1+ 51. Kg3 Re3+ 52. Kg4 f5+ 53. Kg5 Nh3+ 54. Kh4 Rf4# 0-1

[Event "Polugaevsky Memorial 2019"]
[Site "Samara"]
[Date "2019.07.11"]
[Round "2.9"]
[White "Shapiro, David"]
[Black "Zhukov, Ivan"]
[Result "1-0"]
[ECO "A45"]
[WhiteElo "2410"]
[BlackElo "2136"]
[Annotator "NA"]
[PlyCount "47"]
[EventDate "2019.07.10"]
[EventType "swiss"]
[EventCountry "RUS"]
[SourceTitle "playchess.com"]
[Source "ChessBase"]
[SourceQuality "1"]
[TimeControl "5400+30"]

1. d4 Nf6 2. Bf4 g6 3. Nc3 Bg7 4. e4 d6 5. Qd2 O-O 6. O-O-O c6 7. f3 Nbd7 8. Bh6 b5 9. h4 Qa5 10. h5 b4 11. Nb1 Nxh5 12. e5 Bxh6 13. Qxh6 dxe5 14. g4 Nhf6 15. g5 Nh5 16. Bd3 Rd8 17. Rxh5 Nf8 18. Rh4 exd4 19. Ne2 c5 20. Ng3 Rd6 21. Rdh1 Qxa2 22. b3 c4 23. Qxh7+ Nxh7 24. Rxh7 1-0